 Dungeon Crawl Stone Soup version 0.21.1-1-g345015f (webtiles) character file.

231 tidbits the Insei (level 6, 47/47 HPs)
             Began as a Gnoll Transmuter on Feb 14, 2018.
             Quit the game in the Ecumenical Temple.
             The game lasted 00:05:36 (570 turns).

tidbits the Insei (Gnoll Transmuter)                 Turns: 570, Time: 00:05:37

Health: 47/47      AC:  2    Str: 12    XL:     6   Next: 4%
Magic:  11/13      EV: 15    Int: 18    God:
Gold:   48         SH:  0    Dex: 15    Spells: 9/15 levels left

rFire    . . .     SeeInvis .     - Unarmed
rCold    . . .     Gourm    .   (no shield)
rNeg     . . .     Faith    .   b - +0 robe
rPois    .         Spirit   .   (no helmet)
rElec    .         Reflect  .   (no cloak)
rCorr    .         Harm     .   (no gloves)
MR       .....                  (no boots)
Stlth    ++........             (no amulet)
HPRegen  0.15/turn              (no ring)
MPRegen  0.13/turn              (no ring)

@: no status effects
A: distributed training, fangs 1, strong nose
a: no special abilities


You were in the Ecumenical Temple.
You were not hungry.

You visited 2 branches of the dungeon, and saw 7 of its levels.

You collected 48 gold pieces.

Inventory:

Hand Weapons
 f - a +0 dagger
Missiles
 a - 4 arrows
Armour
 b - a +0 robe (worn)
Scrolls
 e - a scroll of fear {unknown}
 h - a scroll of amnesia
Books
 c - a book of Changes

   Spells                             Type                      Level
   a - Beastly Appendage              Transmutation                1
   b - Sticks to Snakes               Transmutation                2
   c - Spider Form                    Transmutation/Poison         3
   d - Ice Form                       Ice/Transmutation            4
   e - Blade Hands                    Transmutation                5
Comestibles
 d - 2 rations


   Skills:
 + Level 3.1 Fighting
 + Level 1.7 Short Blades
 + Level 1.7 Long Blades
 + Level 1.7 Axes
 + Level 1.7 Maces & Flails
 + Level 1.7 Polearms
 + Level 1.7 Staves
 + Level 1.7 Slings
 + Level 1.7 Bows
 + Level 1.7 Crossbows
 + Level 1.7 Throwing
 + Level 1.7 Armour
 + Level 4.9 Dodging
 + Level 1.7 Stealth
 + Level 1.7 Shields
 + Level 6.7 Unarmed Combat
 + Level 5.2 Spellcasting
 + Level 1.3 Conjurations
 + Level 1.3 Hexes
 + Level 1.3 Charms
 + Level 1.3 Summonings
 + Level 1.3 Necromancy
 + Level 1.3 Translocations
 + Level 4.0 Transmutations
 + Level 1.3 Fire Magic
 + Level 1.3 Ice Magic
 + Level 1.3 Air Magic
 + Level 1.3 Earth Magic
 + Level 1.3 Poison Magic
 + Level 1.9 Invocations
 + Level 1.7 Evocations


You had 9 spell levels left.
You knew the following spells:

 Your Spells              Type           Power        Failure   Level  Hunger
e - Beastly Appendage     Tmut           ###...       2%          1    None
k - Sticks to Snakes      Tmut           ###.....     3%          2    #......
p - Spider Form           Tmut/Pois      ##........   13%         3    ##.....


Dungeon Overview and Level Annotations

Branches:
Dungeon (6/15)             Temple (1/1) D:4

Altars:
Ashenzari
Dithmenos
Elyvilon
Fedhas
Gozag
Hepliaklqana
Kikubaaqudgha
Makhleb
Nemelex Xobeh
Okawaru
Qazlal
Ru
Sif Muna
Trog
Vehumet
Wu Jian
Xom
Yredelemnul
Zin
The Shining One

Annotations:
D:4 shakethe's ghost, amateur GrFi


Innate Abilities, Weirdness & Mutations

Your experience applies equally to all skills.
You have very sharp teeth.
Your uncanny sense of smell can sniff out nearby items.


Message History

An adder comes into view.
An iguana comes into view.
The iguana hisses angrily.
The adder misses you. The adder barely misses you.
You hit the adder.
The adder is poisoned.
The adder is heavily wounded.
Your transformation has ended.
Your +0 robe unmelds from your body.
The adder misses you.
Casting: Sticks to Snakes
Confirm with . or Enter, or press ? or * to list all spells.
You turn into a venomous arachnid creature.
Your +0 robe melds into your body.
The adder misses you. The iguana barely misses your adder.
Your adder completely misses the adder.
You hit the adder.
You kill the adder!
The iguana closely misses your adder.
Casting: Spider Form
Confirm with . or Enter, or press ? or * to list all spells.
You miscast Sticks to Snakes.
You are very lightly contaminated with residual magic.
Strange energies run through your body. The iguana barely misses your adder.
Casting: Sticks to Snakes
Confirm with . or Enter, or press ? or * to list all spells.
You create 2 snakes!
You now have 4 arrows.
The iguana closely misses your adder.
You hit the iguana.
The iguana is poisoned.
The iguana is lightly wounded.
Your adder bites the iguana.
Your ball python bites the iguana but does no damage.
Your ball python grabs the iguana.
Your ball python constricts the iguana.
Your adder bites the iguana but does no damage.
You hit the iguana.
The iguana looks as sick as possible!
The iguana is severely wounded.
The iguana misses you.
Your adder bites the iguana.
The iguana dies!
You have reached level 6!
Your experience leads to an increase in your attributes!
Your base attributes are Str 12, Int 17, Dex 15.
Increase (S)trength, (I)ntelligence, or (D)exterity?
You feel clever.
Your adder looks stronger.
You swap places.
Things that are here:
an iguana corpse; an adder corpse Your transformation is almost over.
Your adder withers and dies!
Your transformation has ended.
Your +0 robe unmelds from your body.
Found a staircase to the Ecumenical Temple.
An adder comes into view.
Your magical contamination has completely faded away.
The adder bites you.
Your ball python barely misses the adder. x2
The adder barely misses you.
Your ball python bites the adder.
Your ball python closely misses the adder.
The adder bites you.
You are poisoned.
The adder poisons you!
Your ball python bites the adder but does no damage.
Your ball python closely misses the adder.
You feel sick.
Your ball python bites the adder but does no damage.
Your ball python misses the adder.
The adder barely misses your ball python.
Your ball python misses the adder.
Your ball python closely misses the adder.
There is a staircase to the Ecumenical Temple here.
Your ball python completely misses the adder.
Your ball python grabs the adder.
Your ball python constricts the adder.
You climb downwards.
Welcome to the Ecumenical Temple!
Found a basalt altar of Yredelemnul.
There is a staircase back to the Dungeon here.
You feel sick.
Found a deep blue altar of Sif Muna.
There is a basalt altar of Yredelemnul here.
Found an ancient bone altar of Kikubaaqudgha.
You feel sick.
Found a blossoming altar of Fedhas.
You feel sick.
You are no longer poisoned.
Found a white marble altar of Elyvilon and a sparkling altar of Nemelex Xobeh.
There is a sparkling altar of Nemelex Xobeh here.
Found a shadowy altar of Dithmenos.
Found a burning altar of Makhleb.
Found a glowing silver altar of Zin.
There is a burning altar of Makhleb here.
Found a bloodstained altar of Trog.
Found a glowing golden altar of the Shining One.
Found an ornate altar of the Wu Jian Council.
Found a radiant altar of Vehumet.
Found a sacrificial altar of Ru.
There is a dry fountain here.
Found a hazy altar of Hepliaklqana.
Found a shattered altar of Ashenzari.
Found an opulent altar of Gozag.
Found a shimmering altar of Xom.
Found a stormy altar of Qazlal.
Found an iron altar of Okawaru.
Are you sure you want to abandon this character and quit the game? (Confirm with "yes".)

..8..#.....##.#.....≈≈≈≈
#... #........#.._..≈≈≈≈
#..##.##..._...#....≈≈≈≈
⌠##..#..##.....#...≈≈≈≈≈
#....#....##....#..≈≈≈≈≈
#...# ._....##..#...≈≈≈≈
....#.........##....≈≈≈≈
._...##.........##..≈≈≈≈
...##..#.......#@.##≈≈≈
.##....#.......#....≈≈≈≈
#...<.#.........#._.≈≈≈≈
......#....._...#...≈≈≈≈
.....#...........#..≈≈≈≈
≈≈...#....≈.≈....#.≈≈≈≈≈
≈≈≈≈≈≈≈≈≈≈≈≈≈≈≈≈≈≈≈≈≈≈≈≈
≈≈≈≈≈≈≈≈≈≈≈≈≈≈≈≈ ≈≈≈≈≈≈
≈≈≈≈≈≈≈ ≈≈≈≈


There were no monsters in sight!

Vanquished Creatures
  An ogre (D:5)
  A centaur skeleton (D:5)
  An iguana (D:4)
  Natasha (D:3)
  A worker ant (D:5)
  A worker ant zombie (D:5)
  2 adders
  A worm (D:2)
  A dart slug (D:3)
  3 goblins
  2 kobolds
  A quokka (D:3)
  2 bats
  2 frilled lizards (D:1)
  A rat (D:1)
21 creatures vanquished.

Vanquished Creatures (collateral kills)
  An iguana (D:4)
1 creature vanquished.

Grand Total: 22 creatures vanquished

Notes
Turn   | Place    | Note
-------+----------+-------------------------------------------
     0 | D:1      | tidbits the Gnoll Transmuter began the quest for the Orb.
     0 | D:1      | Reached XP level 1. HP: 17/17 MP: 6/6
   166 | D:2      | Reached XP level 2. HP: 21/23 MP: 7/7
   170 | D:2      | Learned a level 2 spell: Sticks to Snakes
   213 | D:3      | Noticed Natasha
   218 | D:3      | Killed Natasha
   218 | D:3      | Reached skill level 5 in Spellcasting
   218 | D:3      | Reached XP level 3. HP: 14/28 MP: 7/9
   228 | D:3      | Learned a level 3 spell: Spider Form
   258 | D:3      | Reached skill level 1 in Invocations
   334 | D:3      | You fall through a shaft for 3 floors!
   341 | D:5      | Entered Level 5 of the Dungeon
   350 | D:5      | Reached skill level 1 in Short Blades
   350 | D:5      | Reached skill level 1 in Long Blades
   350 | D:5      | Reached skill level 1 in Axes
   350 | D:5      | Reached skill level 1 in Maces & Flails
   350 | D:5      | Reached skill level 1 in Polearms
   350 | D:5      | Reached skill level 1 in Staves
   350 | D:5      | Reached skill level 1 in Slings
   350 | D:5      | Reached skill level 1 in Bows
   350 | D:5      | Reached skill level 1 in Crossbows
   350 | D:5      | Reached skill level 1 in Throwing
   350 | D:5      | Reached skill level 1 in Armour
   350 | D:5      | Reached skill level 1 in Stealth
   350 | D:5      | Reached skill level 1 in Shields
   350 | D:5      | Reached skill level 1 in Evocations
   350 | D:5      | Reached XP level 4. HP: 25/34 MP: 1/11
   377 | D:5      | Reached skill level 1 in Conjurations
   377 | D:5      | Reached skill level 1 in Hexes
   377 | D:5      | Reached skill level 1 in Charms
   377 | D:5      | Reached skill level 1 in Summonings
   377 | D:5      | Reached skill level 1 in Necromancy
   377 | D:5      | Reached skill level 1 in Translocations
   377 | D:5      | Reached skill level 1 in Fire Magic
   377 | D:5      | Reached skill level 1 in Ice Magic
   377 | D:5      | Reached skill level 1 in Air Magic
   377 | D:5      | Reached skill level 1 in Earth Magic
   377 | D:5      | Reached skill level 1 in Poison Magic
   387 | D:5      | Noticed an ogre
   396 | D:5      | Killed an ogre
   396 | D:5      | Reached skill level 3 in Fighting
   396 | D:5      | Reached skill level 4 in Transmutations
   396 | D:5      | Reached XP level 5. HP: 36/41 MP: 1/12
   437 | D:4      | Noticed shakethe's ghost (amateur GrFi)
   485 | D:4      | Reached XP level 6. HP: 44/47 MP: 0/13
   500 | D:4      | Found a staircase to the Ecumenical Temple.
   509 | Temple   | Entered the Ecumenical Temple
   570 | Temple   | Quit the game

Skill      XL: |  1  2  3  4 |
---------------+-------------+-----
Spellcasting   | 5 |  5.2
Invocations    | 1 |  1.9
Short Blades   | 1 |  1.7
Long Blades    | 1 |  1.7
Axes           | 1 |  1.7
Maces & Flails | 1 |  1.7
Polearms       | 1 |  1.7
Staves         | 1 |  1.7
Slings         | 1 |  1.7
Bows           | 1 |  1.7
Crossbows      | 1 |  1.7
Throwing       | 1 |  1.7
Armour         | 1 |  1.7
Stealth        | 1 |  1.7
Shields        | 1 |  1.7
Evocations     | 1 |  1.7
Conjurations   | 1 |  1.3
Hexes          | 1 |  1.3
Charms         | 1 |  1.3
Summonings     | 1 |  1.3
Necromancy     | 1 |  1.3
Translocations | 1 |  1.3
Fire Magic     | 1 |  1.3
Ice Magic      | 1 |  1.3
Air Magic      | 1 |  1.3
Earth Magic    | 1 |  1.3
Poison Magic   | 1 |  1.3
Fighting       | 3 |  3.1
Transmutations | 4 |  4.0
Dodging        | |  4.9
Unarmed Combat | |  6.7

Action                   |  1- 3 |  4- 6 || total
-------------------------+-------+-------++-------
Melee: Unarmed           |    42 |    20 ||    62
       Bite              |     1 |       ||     1
       Headbutt          |     1 |       ||     1
       Punch             |     1 |       ||     1
 Cast: Beastly Appendage |     6 |       ||     6
       Sticks to Snakes  |     5 |     2 ||     7
       Spider Form       |     4 |     4 ||     8
  Use: Potion            |     3 |       ||     3
       Scroll            |       |     4 ||     4
 Stab: Sleeping          |     1 |     1 ||     2
  Eat: Ration            |       |     1 ||     1
Armor: Robe              |     7 |       ||     7
       Skin              |     1 |       ||     1
Dodge: Dodged            |    27 |    18 ||    45

Table legend:
 A = Turns spent in this place as a percentage of turns spent in the entire game.
 B = Non-inter-level travel turns spent in this place as a percentage of non-inter-level travel turns spent in the entire game.
 C = Inter-level travel turns spent in this place as a percentage of turns spent in this place.
 D = Turns resting spent in this place as a percentage of non-inter-level travel turns spent in this place.
 E = Turns spent auto-exploring this place as a percentage of non-inter-level travel turns spent in this place.
 F = Non-inter-level travel turns spent in this place divided by the number of levels of this place that you've seen.
                   A       B       C       D       E      F
               +-------+-------+-------+-------+-------+----------------------
         Total | 100.0 | 100.0 |   0.0 |   0.0 |   0.0 |  81.4
       Dungeon |  89.3 |  89.3 |   0.0 |   0.0 |   0.0 |  84.8
        Temple |  10.7 |  10.7 |   0.0 |   0.0 |   0.0 |  61.0
               +-------+-------+-------+-------+-------+----------------------

Table legend:
 A = Kills in this place as a percentage of kills in entire the game.
 B = Kills by you in this place as a percentage of kills by you in the entire game.
 C = Kills by friends in this place as a percentage of kills by friends in the entire game.
 D = Other kills in this place as a percentage of other kills in the entire game.
 E = Experience gained in this place as a percentage of experience gained in the entire game.
 F = Experience gained in this place divided by the number of levels of this place that you have seen.
                   A       B       C       D       E      F
               +-------+-------+-------+-------+-------+----------------------
         Total | 100.0 | 100.0 | 100.0 |   N/A | 100.0 |  47.3
       Dungeon | 100.0 | 100.0 | 100.0 |   N/A | 100.0 |  55.2
               +-------+-------+-------+-------+-------+----------------------

Vault maps used:
D:1:      lightli_arrival_noodles
D:3:      grunt_ministairs_11, minmay_unequal, uniq_natasha
D:4:      minmay_temple_entry_butterflies, lemuel_tele_altar, uniq_duvessa
D:5:      first_ration, lexackson_kobold_supper
Temple:   regret_index_temple_sigil_plot
